 Dungeon Crawl Stone Soup version 0.29.1-2-gbd0b4ee654 (webtiles) character file.

Game seed: 1843036783393603202

115 LustLizard the Insei (level 5, -4/34 HPs)
             Began as an Octopode Transmuter on Nov 30, 2022.
             Slain by an orc
             ... wielding a +0 flail
              (8 damage)
             ... on level 3 of the Dungeon.
             The game lasted 00:04:14 (2692 turns).

LustLizard the Insei (Octopode Transmuter)          Turns: 2692, Time: 00:04:15

Health: -4/34      AC:  1    Str: 10    XL:     5   Next: 0%
Magic:  5/8        EV: 13    Int: 17    God:
Gold:   104        SH:  5    Dex: 12    Spells: 1/8 levels left

rFire   . . .      SeeInvis .     - Unarmed
rCold   . . .      Faith    .   (no shield)
rNeg    . . .      Spirit   .   (helmet currently unavailable)
rPois   .          Reflect  +   j - amulet of reflection
rElec   .          Harm     .   (no ring)
rCorr   .          Rampage  .   (no ring)
Will    .....                   (no ring)
Stlth   ++........              (no ring)
HPRegen 0.11/turn               (no ring)
MPRegen 0.11/turn               (no ring)
                                (no ring)
                                (no ring)

@: appendages (expiring), wereblooded
A: tentacle spike 3, almost no armour, amphibious, 8 rings, camouflage 1,
gelatinous body 1, (nimble swimmer 1), tentacles
a: End Transformation


You were on level 3 of the Dungeon.
One of your tentacles had grown a beastly spike.
You visited 1 branch of the dungeon, and saw 3 of its levels.

You collected 104 gold pieces.

Inventory:

Jewellery
 j - an amulet of reflection (around mantle)
 o - a ring of ice
Wands
 t - a wand of flame (22)
Scrolls
 b - 4 scrolls of identify
 c - 2 scrolls of vulnerability {unknown}
 e - a scroll of acquirement {unknown}
 f - a scroll of magic mapping {unknown}
 g - a scroll of immolation {unknown}
 h - 3 scrolls of blinking
 m - a scroll of brand weapon {unknown}
 n - a scroll of teleportation {unknown}
 p - a scroll of amnesia {unknown}
Potions
 a - a potion of lignification
 d - 3 potions of curing
 i - a potion of might {unknown}
 k - a potion of haste {unknown}
 l - a potion of mutation {unknown}
 q - a potion of flight {unknown}
 r - a potion of heal wounds {unknown}
 s - a potion of attraction {unknown}
 u - 2 potions of resistance {unknown}


   Skills:
 + Level 2.2 Fighting
 - Level 2.0 Dodging
 * Level 4.3 Unarmed Combat
 - Level 2.0 Spellcasting
 + Level 2.9 Transmutations
 * Level 1.1 Ice Magic


You had one spell level left.
You knew the following spells:

 Your Spells              Type           Power      Damage    Failure   Level
a - Beastly Appendage     Tmut           22%        N/A       6%          1
b - Wereblood             Tmut           11%        N/A       9%          2
c - Ice Form              Ice/Tmut       8%         N/A       63%         4

Your spell library contained the following spells:

 Spells                   Type           Power      Damage    Failure   Level
 Slow                     Hex            4%         N/A       19%         1
 Spider Form              Tmut/Pois      6%         N/A       32%         3
 Confusing Touch          Hex            1%         N/A       50%         3
 Dazzling Flash           Conj/Hex       2%         N/A       50%         3
 Vampiric Draining        Necr           1%         2d6       50%         3
 Summon Ice Beast         Ice/Summ       3%         N/A       83%         4
 Agony                    Necr           1%         N/A       99%         5
 Silence                  Hex/Air        0%         N/A       99%         5
 Summon Mana Viper        Hex/Summ       1%         N/A       99%         5
 Monstrous Menagerie      Summ           0%         N/A       100%        7


Dungeon Overview and Level Annotations

Branches:
Dungeon (3/15)

Altars:
Qazlal
Ru

Annotations:
D:3 Sigmund


Innate Abilities, Weirdness & Mutations

One of your tentacles has grown a beastly spike.
You cannot wear most types of armour.
You are amphibious.
You can wear up to eight rings at the same time.
Your skin changes colour to match your surroundings (Stealth+).
Your rubbery body absorbs attacks. (AC +1, EV +1)
((You are camouflaged when in or above water. (Stealth+)))
You have tentacles for arms and can constrict up to eight enemies at once.


Message History

You tentacle-slap the orc wizard.
You feel a bit better.
You kill the orc wizard!
The orc closely misses you. x2; The orc barely misses you.
The orc hits you with a +0 flail.
* * * LOW HITPOINT WARNING * * *
Your Ice Magic skill increases to level 1!
You tentacle-slap the orc. Your grab misses the orc.
You pierce the orc.
You feel a bit better.
You kill the orc!
You howl as the wereblood boils in your veins!
The orc barely misses you. The orc hits you with a +0 hand axe.
The orc hits you with a +0 flail!
* * * LOW HITPOINT WARNING * * *
You tentacle-slap the orc. You grab the orc. You tentacle-slap the orc.
You feel a bit better.
You kill the orc!
The orc closely misses you. The orc misses you.
You have reached level 5!
You feel stronger.
You tentacle-slap the orc but do no damage.
Your grab misses the orc. The orc misses you. The orc hits you with a +0 flail.
* * * LOW HITPOINT WARNING * * *
You tentacle-slap the orc. You grab the orc.
Your tentacle spike misses the orc.
The orc is moderately wounded.
You constrict the orc, but do no damage.
You block the orc's attack. The orc closely misses you.
You tentacle-slap the orc but do no damage.
You pierce the orc, but do no damage.
The orc is lightly wounded.
You constrict the orc. You block the orc's attack. The orc barely misses you.
You tentacle-slap the orc but do no damage.
You pierce the orc.
The orc is heavily wounded.
Your transformation is almost over.
You constrict the orc. You block the orc's attack. The orc barely misses you.
You tentacle-slap the orc.
You feel a bit better.
You kill the orc!
The orc hits you with a +0 flail!
You die...

### # ..# ###
#.#####.##
.(..#.#......#
......o)....# ###
......)@....#####
#..
......))##..#...#
#.#
.....#####..#...#
#.# ....
#..#...#### #.#
.. ...
###.........# #.#
.# #.
..............#
#.# .# #
#####.........#
#.. .#
####...#### ###
.### ##.†.##


You could see an orc.

Vanquished Creatures
  An orc wizard (D:3)
  2 adders
  A worm (D:3)
  A dart slug (D:2)
  6 orcs (D:3)
  7 ball pythons
  4 endoplasms (D:3)
  5 giant cockroaches
  7 hobgoblins
  2 jackals (D:2)
  A quokka (D:1)
  4 bats
  4 frilled lizards
  2 goblins (D:1)
  4 kobolds
  10 rats
61 creatures vanquished.

Notes
Turn   | Place    | Note
-------+----------+-------------------------------------------
     0 | D:1      | LustLizard the Octopode Transmuter began the quest for the
                  | Orb.
     0 | D:1      | Reached XP level 1. HP: 13/13 MP: 3/3
   161 | D:1      | Reached XP level 2. HP: 17/18 MP: 3/5
   164 | D:1      | Learned a level 2 spell: Wereblood
   844 | D:2      | Reached XP level 3. HP: 23/23 MP: 4/6
  1463 | D:2      | Found a faded altar of an unknown god.
  1600 | D:3      | Noticed Sigmund
  1664 | D:3      | Found a sacrificial altar of Ru.
  1935 | D:3      | Reached skill level 4 in Unarmed Combat
  2040 | D:3      | Reached XP level 4. HP: 29/29 MP: 3/7
  2147 | D:3      | Learned a level 4 spell: Ice Form
  2386 | D:3      | Found a stormy altar of Qazlal.
  2686 | D:3      | Reached skill level 1 in Ice Magic
  2686 | D:3      | HP: 1/29 [orc/+0 flail (9)]
  2688 | D:3      | Reached XP level 5. HP: 5/34 MP: 4/8
  2692 | D:3      | Slain by an orc

Illustrated notes

Levels and vault maps discovered:
D:1:      nagdon_arrival_zigzag_paths, layout_rooms
D:2:      layout_loops_ring, hellmonk_ecumenical_altar_inner_sanctum,
          mrwooster_statue_mirror, chequers_serial_rivers_marsh
D:3:      layout_loops_corners, nicolae_overflow_crystal_walls,
          grunt_qazlal_clouds, kennysheep_small_spiral, uniq_sigmund

Skill      XL: |  1  2  3  4 |
---------------+-------------+-----
Unarmed Combat | 4 |  4.3
Fighting       | 2 |  2.2
Ice Magic      | 1 |  1.1
Dodging        | |  2.0
Spellcasting   | |  2.0
Transmutations | |  2.9

Action                   |  1- 3 |  4- 6 || total
-------------------------+-------+-------++-------
Melee: Unarmed           |    86 |    43 ||   129
       Kick              |    13 |     8 ||    21
       Constrict         |    24 |    11 ||    35
       Tentacles         |    15 |     7 ||    22
       Punch             |     1 |     1 ||     2
 Cast: Beastly Appendage |    11 |     5 ||    16
       Wereblood         |     2 |     1 ||     3
  Use: Scroll            |     2 |       ||     2
 Stab: Sleeping          |     9 |       ||     9
Armor: Skin              |     4 |       ||     4
Dodge: Dodged            |    34 |    33 ||    67
Block: Other             |     8 |     9 ||    17
